 Dungeon Crawl Stone Soup version 0.16.1-11-g651b585 (webtiles) character file.

133 FlamingWeapons the Slasher (level 5, -5/36 HPs)
             Began as an Octopode Fighter on Apr 2, 2015.
             Killed from afar by an orc wizard (11 damage)
             ... with a puff of flame
             ... on level 4 of the Dungeon on Apr 4, 2015.
             The game lasted 00:09:30 (2587 turns).

FlamingWeapons the Slasher (Octopode Fighter)       Turns: 2587, Time: 00:09:31

Health: -5/36      AC:  1    Str: 17    XL:     5   Next: 16%
Magic:  14/14      EV:  8    Int: 10    God:
Gold:   151        SH: 15    Dex: 11    Spells: 0 memorised, 4 levels left

rFire  . . .     SeeInvis .     a - +0 long sword
rCold  . . .     Clarity  .     m - +2 large shield
rNeg   . . .     SustAb   .     (helmet restricted)
rPois  .         Gourm    .     (no amulet)
rElec  .         Spirit   .     v - ring of magical power
rCorr  .         Warding  .     (no ring)
rMut   .         Stasis   .     (no ring)
MR     .....                    (no ring)
Stlth  ++........               (no ring)
                                (no ring)
                                (no ring)
                                (no ring)

@: not resistant to hostile enchantments, unstealthy
A: almost no armour, amphibious, 8 rings, constrict 8, camouflage 1, gelatinous
body 1
a: no special abilities


You were on level 4 of the Dungeon.
You were not hungry.

You visited 1 branch of the dungeon, and saw 4 of its levels.

You collected 151 gold pieces.

Inventory:

Hand weapons
 a - a +0 long sword (weapon)
Missiles
 f - 49 stones (quivered)
Armour
 c - a +0 shield
 m - a +2 large shield (worn)
Jewellery
 v - a ring of magical power (left tentacle)
Magical devices
 p - a wand of confusion (28)
Scrolls
 b - a scroll of random uselessness {unknown}
 g - a scroll of fear {unknown}
 h - 2 scrolls of remove curse {unknown}
 j - 2 scrolls of teleportation {unknown}
 k - a scroll of magic mapping {unknown}
 l - 2 scrolls of immolation {unknown}
 q - 2 scrolls of identify {unknown}
Potions
 e - a potion of might
 i - 3 potions of invisibility {unknown}
 n - a potion of mutation {unknown}
 o - a potion of beneficial mutation {unknown}
 s - a potion of poison {unknown}
 t - a potion of curing {unknown}
 u - a potion of lignification {unknown}
Comestibles
 d - 3 bread rations
 r - a slice of pizza


   Skills:
 - Level 3.0 Fighting
 + Level 5.2 Long Blades
 - Level 3.0 Dodging
 - Level 3.0 Shields


You had 4 spell levels left.
You didn't know any spells.

Dungeon Overview and Level Annotations

Branches:
Dungeon (4/15)
 Temple: D:4-7

Altars:
Trog
Xom


Innate Abilities, Weirdness & Mutations

You cannot wear most types of armour.
You are amphibious.
You can wear up to eight rings at the same time.
You can use your tentacles to constrict many enemies at once.
Your skin changes colour to match your surroundings (Stealth).
Your rubbery body absorbs attacks (AC +1).


Message History

An orc and an orc wizard come into view.
Your shield prevents you from hitting something.
You hear some strange, mumbled words.
The orc moves out of view.
The orc wizard moves out of view.
You hear a shout!
You miss something.
You hear some strange, mumbled words.
You feel a wave of unholy energy pass over you.
You block its attack.
You miss something. Something hits you. Something hits you.
You closely miss something. Something hits you. Something hits you.
* * * LOW HITPOINT WARNING * * *
You miss something. Your squeeze misses something.
Something hits you but does no damage. Something hits you.
* * * LOW HITPOINT WARNING * * *
You miss something. Something hits you.
* * * LOW HITPOINT WARNING * * *
You hear some strange, mumbled words.
The puff of flame hits you!
You die...

# ......... #...
......... #......#
#.$...... . ......#
#$....... #.
......#+#......#. #.
..#..........##. #..
#..........#.###
#.oo###.##.......#....
#w{@...#.....#.#####
#....o####...†......#
##. ...
#...#<.......###.. .
#.###....†....##.. ...
#.......#..... ...#
##.....#####.. ...
#.....# #.. . #######
#.. #..


You could see a worm, an orc wizard and 2 orcs.

Vanquished Creatures
  A centaur skeleton (D:4)
  Terence (D:3)
  3 adders
  2 worms
  3 giant geckos
  An ooze (D:3)
  2 orcs (D:4)
  5 bats
  6 hobgoblins
  A quokka (D:2)
  A giant newt (D:2)
  6 goblins
  6 jackals
  6 kobolds
  8 rats
52 creatures vanquished.

Notes
Turn   | Place    | Note
--------------------------------------------------------------
     0 | D:1      | FlamingWeapons, the Octopode Fighter, began the quest for the Orb.
     0 | D:1      | Reached XP level 1. HP: 16/16 MP: 1/1
    95 | D:1      | Reached XP level 2. HP: 3/21 MP: 2/2
   854 | D:1      | Reached XP level 3. HP: 12/26 MP: 3/3
  1085 | D:2      | Found a shimmering altar of Xom.
  1440 | D:2      | Reached skill level 4 in Long Blades
  1577 | D:3      | Noticed an ice beast
  1772 | D:2      | Reached XP level 4. HP: 31/31 MP: 4/4
  1889 | D:2      | Found a bloodstained altar of Trog.
  2278 | D:3      | Noticed Terence
  2294 | D:3      | Killed Terence
  2415 | D:4      | Reached skill level 5 in Long Blades
  2415 | D:4      | Reached XP level 5. HP: 20/36 MP: 5/5
  2587 | D:4      | Killed from afar by an orc wizard

Action                   |  1- 3 |  4- 6 || total
-------------------------+-------+-------++-------
Melee: Long sword        |    58 |    73 ||   131
Throw: Stone             |     9 |     1 ||    10
 Stab: Sleeping          |     2 |     2 ||     4
       Distracted        |       |     1 ||     1
  Eat: Chunk             |     2 |     3 ||     5
